 Dungeon Crawl Stone Soup version 0.23-a0-470-g6f7cfd9 (webtiles) character file.

655 Lavandula the Gusty (level 7, -8/61 HPs)
             Began as a Naga Air Elementalist on Nov 26, 2018.
             Was an Initiate of Ru.
             Shot with an arrow by a centaur (11 damage)
             ... on level 5 of the Dungeon.
             The game lasted 00:11:09 (2099 turns).

Lavandula the Gusty (Naga Air Elementalist)         Turns: 2099, Time: 00:11:09

Health: -8/61      AC:  3    Str: 11    XL:     7   Next: 54%
Magic:  12/13      EV: 10    Int: 17    God:    Ru [......]
Gold:   82         SH:  0    Dex: 11    Spells: 4/14 levels left

rFire    . . .     SeeInvis +   j - +0 long sword (curse)
rCold    . . .     Gourm    .   (no shield)
rNeg     . . .     Faith    .   a - +0 robe
rPois    +         Spirit   .   (no helmet)
rElec    .         Reflect  .   (no cloak)
rCorr    .         Harm     .   (no gloves)
MR       .....                  (no barding)
Stlth    ++........             (no amulet)
HPRegen  0.20/turn              (no ring)
MPRegen  0.13/turn              (no ring)

@: very slightly contaminated, invisible, very slow
A: large, see invisible, deformed body, poison resistance, slowness 2, slow
metabolism 1, spit poison 1, AC +2
a: Spit Poison, Renounce Religion


You were on level 5 of the Dungeon.
You worshipped Ru.
Ru was noncommittal.
You were not hungry.

You visited 2 branches of the dungeon, and saw 7 of its levels.

You collected 235 gold pieces.
You spent 153 gold pieces at shops.

Inventory:

Hand Weapons
 d - a +0 dagger
 j - a cursed +0 long sword (weapon)
 k - a +0 dagger of venom
 l - a +3 falchion
 t - a +2 hand axe of draining
Armour
 a - a +0 robe (worn)
Scrolls
 e - 3 scrolls of teleportation
 f - 2 scrolls of enchant weapon
 h - a scroll of remove curse
 i - a scroll of magic mapping
 u - a scroll of amnesia {unknown}
Potions
 g - 2 potions of heal wounds {unknown}
 m - 3 potions of curing
 n - a potion of resistance {unknown}
 o - a potion of lignification {unknown}
 p - 2 potions of invisibility
 q - 2 potions of berserk rage {unknown}
 r - a potion of haste {unknown}
 s - a potion of mutation {unknown}
Comestibles
 c - 6 rations


   Skills:
 - Level 2.8 Fighting
 - Level 1.7 Dodging
 - Level 3.0 Stealth
 - Level 4.1 Spellcasting
 - Level 1.0 Conjurations
 + Level 6.7 Air Magic


You had 4 spell levels left.
You knew the following spells:

 Your Spells              Type           Power        Failure   Level  Hunger
a - Shock                 Conj/Air       ###.         3%          1    None
b - Swiftness             Chrm/Air       ##......     6%          2    ##.....
c - Airstrike             Air            ####......   10%         4    ####...
d - Static Discharge      Conj/Air       ###.....     10%         3    ###....

Your spell library contained the following spells:

 Spells                   Type           Power        Failure   Level  Hunger
 Lightning Bolt           Conj/Air       ###.......   65%         5    ######.


Dungeon Overview and Level Annotations

Branches:
Dungeon (6/15)             Temple (1/1) D:4

Altars:
Ashenzari
Dithmenos
Fedhas
Gozag
Hepliaklqana
Nemelex Xobeh
Okawaru
Qazlal
Ru
Uskayaw
Wu Jian
Yredelemnul
Zin
The Shining One

Shops:
D:4 [   D:5 *


Innate Abilities, Weirdness & Mutations

You cannot wear boots.
Your serpentine skin is tough. (AC +2)
You have supernaturally acute eyesight. (SInv)
Armour fits poorly on your strangely shaped body.
Your system is resistant to poisons. (rPois)
You cover ground very slowly.
You have a slow metabolism.
You can spit poison.


Message History

Aim: a centaur (lightly wounded)
The splash of poison hits the centaur.
The centaur is poisoned.
The centaur is heavily wounded.
You feel slightly more hungry. The centaur hits you.
* * * LOW HITPOINT WARNING * * *
The centaur misses you.
The centaur wields a +0 shortbow.
The centaur shoots an arrow.
Casting: Shock (safe; 3% risk of failure)
Confirm with . or Enter, or press ? or * to list all spells.
Aiming: Shock (safe; 3% risk of failure)
Press: ? - help, Shift-Dir - straight line, f/p - centaur
Aim: a centaur, wielding a +0 shortbow (heavily wounded, poisoned)
The zap hits the centaur.
The centaur is severely wounded.
You have got your breath back.
The centaur shoots an arrow.
The arrow hits you!
* * * LOW HITPOINT WARNING * * *
Unknown command.
The centaur shoots an arrow. x2; The arrow hits you!
You die...

#...##........#.....
#.............#.....
#.............#.....
#.......).....#.....
#..(##......<.#.....
###'##........#.....
#.c......(....#.....
#...(.....(...#.....
#..@..........#.....
#.............#.....
#........(....#.....
#....#......###.....
###..########.......
...# #....... ...#
#....... ...#
#....... #.......


You could see a centaur.

Vanquished Creatures
  3 ogres
  A scorpion (D:5)
  3 orc priests
  3 orc wizards
  2 iguanas
  A hound skeleton (D:4)
  4 adders
  A shadow imp (D:4)
  An adder zombie (D:5)
  2 dart slugs
  A leopard gecko (D:4)
  21 orcs
  2 bats
  2 giant cockroaches
  A goblin (D:2)
  A hobgoblin (D:3)
  4 jackals (D:1)
  A quokka (D:4)
  2 ball pythons (D:4)
  2 frilled lizards
  A kobold (D:2)
  A leopard gecko skeleton (D:5)
  A quokka skeleton (D:4)
  A rat (D:2)
62 creatures vanquished.

Vanquished Creatures (others)
  A plant (D:4)
1 creature vanquished.

Grand Total: 63 creatures vanquished

Notes
Turn   | Place    | Note
-------+----------+-------------------------------------------
     0 | D:1      | Lavandula the Naga Air Elementalist began the quest for the
                  | Orb.
     0 | D:1      | Reached XP level 1. HP: 15/15 MP: 3/3
    56 | D:1      | Reached XP level 2. HP: 21/22 MP: 0/5
   150 | D:2      | Learned a level 2 spell: Swiftness
   302 | D:3      | Reached XP level 3. HP: 28/28 MP: 5/7
   574 | D:4      | Found a staircase to the Ecumenical Temple.
   624 | Temple   | Entered the Ecumenical Temple
   712 | Temple   | Became a worshipper of Ru the Awakened
   744 | D:4      | Found Lyrghoyrch's Armour Emporium.
   767 | D:4      | Reached XP level 4. HP: 20/36 MP: 6/10
   847 | D:5      | Entered Level 5 of the Dungeon
   869 | D:5      | Reached skill level 1 in Fighting
   900 | D:5      | Reached XP level 5. HP: 26/48 MP: 5/11
  1054 | D:5      | Noticed a centaur
  1073 | D:6      | Noticed a big kobold
  1084 | D:5      | Learned a level 4 spell: Airstrike
  1088 | D:5      | Learned a level 3 spell: Static Discharge
  1123 | D:5      | Noticed an ogre
  1132 | D:5      | Killed an ogre
  1132 | D:5      | Reached skill level 4 in Air Magic
  1132 | D:5      | Reached XP level 6. HP: 55/55 MP: 8/12
  1145 | D:5      | Found Kuinu's Assorted Antiques.
  1158 | D:5      | Bought a ruby potion for 25 gold pieces
  1158 | D:5      | Bought a ruby potion for 25 gold pieces
  1158 | D:5      | Bought 2 yellow potions for 50 gold pieces
  1166 | D:5      | Found a sacrificial altar of Ru.
  1219 | D:5      | Reached skill level 5 in Air Magic
  1277 | D:5      | Found a shadowy altar of Dithmenos.
  1397 | D:4      | Reached XP level 7. HP: 61/61 MP: 2/13
  1512 | D:4      | Found a hide-covered altar of Uskayaw.
  1523 | D:4      | Reached skill level 6 in Air Magic
  1891 | D:5      | Bought a sapphire potion for 25 gold pieces
  1891 | D:5      | Bought a scroll labeled AGUEDY NAQEODD for 28 gold pieces
  2098 | D:5      | HP: 3/61 [centaur/arrow (8)]
  2099 | D:5      | Shot with an arrow by a centaur

Vault maps used:
D:1:      lightli_arrival_lavapool
D:2:      minmay_general_purpose_star
D:3:      first_ration, roderic_serpentine_path, serial_bayou_lake_a
D:4:      lemuel_crystal_altar, minmay_temple_entry_junction_2, serial_shops,
          shop, saegor_snake_ambush
D:5:      basic_altar, serial_shops, shop, nicolae_dithmenos_the_darkroom
Temple:   kilobyte_greek_temple

Skill      XL: |  1  2  3  4  5  6  7 |
---------------+----------------------+-----
Spellcasting   | 3 4 |  4.1
Fighting       | 2 |  2.8
Air Magic      | 4 5 6 |  6.7
Dodging        | |  1.7
Stealth        | |  3.0
Conjurations   | |  1.0

Action                   |  1- 3 |  4- 6 |  7- 9 || total
-------------------------+-------+-------+-------++-------
 Cast: Shock             |    22 |    55 |    34 ||   111
Invok: Reject Sacrifices |       |       |     1 ||     1
 Abil: Spit Poison       |    14 |    19 |    12 ||    45
  Use: Scroll            |     1 |       |     4 ||     5
       Potion            |       |       |     2 ||     2
  Eat: Chunk             |       |     2 |     3 ||     5
Armor: Robe              |     4 |       |     1 ||     5
Dodge: Dodged            |    10 |    10 |    14 ||    34
       Rpst.: Long sword |       |     1 |     8 ||     9

Table legend:
 A = Non-vault XP
 B = Vault XP
 C = Vault XP percentage of total XP
 D = Non-vault monster count
 E = Vault monster count
 F = Vault count percentage of total count
                 A         B        C        D         E       F
            +---------+---------+-------+---------+---------+-------
      Total |     935 |       2 |   0.2 |      60 |       2 |   3.2
            +---------+---------+-------+---------+---------+-------
        D:1 |      14 |       0 |   0.0 |       6 |       0 |   0.0
        D:2 |      19 |       0 |   0.0 |       5 |       0 |   0.0
        D:3 |      15 |       0 |   0.0 |       2 |       0 |   0.0
        D:4 |     357 |       2 |   0.6 |      22 |       2 |   8.3
        D:5 |     530 |       0 |   0.0 |      25 |       0 |   0.0
            +---------+---------+-------+---------+---------+-------
